 Dungeon Crawl Stone Soup version 0.32-a0-938-g40ac7a0f4d (webtiles) character file.

Game seed: 8946583245820532707

419 snarfax the Poker (level 6, -6/48 HPs)
             Began as a Coglin Gladiator on Apr 15, 2024.
             Was an Initiate of Elyvilon.
             Killed by divine providence
             ... invoked by an orc priest
              (13 damage)
             ... on level 4 of the Dungeon.
             The game lasted 00:06:50 (2894 turns).

snarfax the Poker (Coglin Gladiator)                Turns: 2894, Time: 00:06:51

Health: -6/48      AC: 15    Str: 17    XL:     6   Next: 93%
Magic:  6/6        EV:  5    Int:  7    God:    Elyvilon [......]
Gold:   76         SH:  0    Dex: 15    Spells: 5/5 levels left

rFire   . . .        a - +0 trident {Deepnoor}
rCold   . . .        f - +0 dagger {Theobald}
rNeg    . . .        h - +0 plate armour
rPois   .            c - +0 helmet
rElec   .            (no cloak)
rCorr   .            (no gloves)
SInv    .            p - +2 pair of boots
Will    .....        (amulet unavailable) Stlth
                     (ring unavailable)
HPRegen 0.28/turn    (ring unavailable)
MPRegen 0.10/turn    (no gizmo)

%: no passive effects
@: about to teleport, revved
A: off-hand wielding, slow wielding, warmup strikes, no jewellery
a: Invent Gizmo, Renounce Religion


You were on level 4 of the Dungeon.
You worshipped Elyvilon.
Elyvilon was noncommittal.
You visited 1 branch of the dungeon, and saw 4 of its levels.
You also visited: Sewer.

You collected 76 gold pieces.

Inventory:

Hand Weapons
 a - a +0 trident (weapon) {Deepnoor}
 f - a +0 dagger (offhand) {Theobald}
Missiles
 d - 4 throwing nets (quivered)
 e - a javelin
 i - 4 boomerangs
Armour
 b - a +0 leather armour
 c - a +0 helmet (worn)
 h - a +0 plate armour (worn)
 p - a +2 pair of boots (worn)
Scrolls
 k - 3 scrolls of immolation {unknown}
 m - 3 scrolls of identify
 n - a scroll of brand weapon {unknown}
 q - a scroll of poison {unknown}
Potions
 j - 2 potions of brilliance
 l - a potion of attraction
 o - a potion of lignification
 r - 2 potions of curing
 s - a potion of berserk rage {unknown}
 t - 2 potions of enlightenment


   Skills:
 + Level 3.8 Fighting
 * Level 5.2 Polearms
 - Level 1.7 Throwing
 + Level 2.8 Armour
 - Level 2.6 Dodging


You had 5 spell levels left.
You didn't know any spells.
Your spell library contained the following spells:

 Spells                   Type           Power      Damage    Failure   Level
 Fugue of the Fallen      Necr           0%         N/A       100%        3
 Ozocubu's Armour         Ice            0%         N/A       100%        3
 Passwall                 Erth           0%         N/A       100%        3
 Volatile Blastmotes      Fire/Tloc      0%         2d10      100%        3
 Vhi's Electric Charge    Tloc/Air       0%         N/A       100%        4
 Bombard                  Conj/Erth      0%         9d1       100%        6
 Manifold Assault         Tloc           0%         N/A       100%        7


Dungeon Overview and Level Annotations

Branches:
Dungeon (4/15)              Sewer (visited)
 Temple: D:4-7

Altars:
Cheibriados


Innate Abilities, Weirdness & Mutations

You can wield a second weapon in your off-hand.
It takes a long time for you to wield or remove held weapons.
Your first few attacks do less damage.
You cannot equip rings or amulets.


Message History

The orc priest mumbles some strange prayers to Beogh against you.
Beogh smites you!
* * * LOW HITPOINT WARNING * * *
The orc priest mumbles some strange prayers to Beogh against you.
Beogh smites you!
* * * LOW HITPOINT WARNING * * *
You feel much better.
The orc priest hits you but does no damage.
You puncture the orc priest with your +0 trident!
You kill the orc priest!
The orc priest miscasts a cantrip.
You hit the orc priest with your +0 trident.
The orc priest is moderately wounded.
You hit the orc priest but do no damage.
The orc priest completely misses you.
The orc priest miscasts a cantrip.
You hit the orc priest but do no damage.
The orc priest is moderately wounded.
You barely miss the orc priest with your +0 dagger.
The orc priest hits you with a +0 club.
You hit the orc priest with your +0 trident.
The orc priest is moderately wounded.
You hit the orc priest but do no damage.
The orc priest hits you but does no damage.
You hit the orc priest but do no damage.
The orc priest is moderately wounded.
You hit the orc priest but do no damage.
The orc priest hits you but does no damage.
The orc priest invokes the aid of Beogh against you.
Beogh smites you!
* * * LOW HITPOINT WARNING * * *
You hear a bark!
As you read the scroll of teleportation, it crumbles to dust.
You feel strangely unstable.
A hound comes into view.
The goblin hits you with a +0 dagger.
* * * LOW HITPOINT WARNING * * *
The orc priest calls down the wrath of Beogh upon you.
Beogh smites you!
You die...

## . # #. ...
#.##.####oh...
#...#g@ooo....
#.####.....
#.# ... #.# .
..#..
#.######..
.#...
#......... .
.)..
##.######.. ..
#..# #..#
..... #..#
#.##
.......#..#


You could see a hound, 4 orc priests and a goblin.

Vanquished Creatures
  A phantom (D:4)
  2 kobold brigands (Sewer)
  An orc priest (D:4)
  A jelly (D:4)
  5 adders
  A gnoll (D:1)
  2 river rats (Sewer)
  A dart slug (D:3)
  3 ribbon worms (D:3)
  6 ball pythons
  5 endoplasms
  7 giant cockroaches
  5 goblins
  6 hobgoblins
  3 jackals (D:1)
  8 kobolds
  3 quokkas
  2 bats
  2 frilled lizards
  7 rats
71 creatures vanquished.

Notes
Turn   | Place    | Note
-------+----------+-------------------------------------------
     0 | D:1      | snarfax the Coglin Gladiator began the quest for the Orb.
     0 | D:1      | Reached XP level 1. HP: 16/16 MP: 1/1
   139 | D:1      | Reached skill level 3 in Polearms
   139 | D:1      | Reached XP level 2. HP: 22/22 MP: 2/2
   236 | D:1      | Reached skill level 1 in Armour
   236 | D:1      | Reached XP level 3. HP: 27/28 MP: 3/3
   378 | D:1      | Found a faded altar of an unknown god.
   969 | D:2      | Reached XP level 4. HP: 34/34 MP: 4/4
  2127 | D:3      | Reached skill level 4 in Polearms
  2137 | D:3      | Found a snail-covered altar of Cheibriados.
  2507 | D:4      | Reached XP level 5. HP: 25/41 MP: 5/5
  2550 | D:4      | Found a glowing drain.
  2552 | D:4      | Noticed a phantom
  2565 | D:4      | Killed a phantom
  2573 | D:4      | Reached XP level 6. HP: 41/47 MP: 6/6
  2582 | Sewer    | Entered a sewer
  2688 | Sewer    | Reached skill level 5 in Polearms
  2766 | Sewer    | Found a white marble altar of Elyvilon.
  2834 | Sewer    | Became a worshipper of Elyvilon the Healer
  2887 | D:4      | HP: 2/48 [orc priest/divine providence (10)]
  2894 | D:4      | Killed from afar by an orc priest

Illustrated notes

Levels and vault maps discovered:
D:1:      beargit_arrival_greenhouse, layout_loops_cross,
          ebering_ecumenical_altar_webs, minmay_misc_feat_diagonals
D:2:      layout_basic, serial_glass, glass_columns_c, glass_columns_b,
          glass_columns_b, glass_columns_a, glass_columns_b, glass_columns_a,
          supply_closet_lemuel
D:3:      layout_loops_cross, mainiacjoe_overflow_surrounded_room
D:4:      minmay_general_purpose_star, layout_loops_ring,
          gammafunk_temple_overflow_forgotten, gup_sewer_entry_glass,
          serial_shops, nicolae_book_shop_shelving

Skill      XL: |  1  2  3  4  5  6 |
---------------+-------------------+-----
Polearms       | 3 4 5 |  5.2
Armour         | 1 2 |  2.8
Fighting       | 3 |  3.8
Throwing       | |  1.7
Dodging        | |  2.6

Action                     |  1- 3 |  4- 6 || total
---------------------------+-------+-------++-------
  Melee: Trident           |    78 |   166 ||   244
         Dagger            |    65 |   135 ||   200
    Use: Scroll            |       |     8 ||     8
         Potion            |       |     1 ||     1
 Armour: Plate armour      |    59 |   182 ||   241
         Leather armour    |     2 |       ||     2
  Dodge: Dodged            |    12 |    44 ||    56

Table legend: (Time is in decaauts)
 A = Elapsed time spent in this place.
 B = Non-inter-level travel time spent in this place.
 C = Inter-level travel time spent in this place.
 D = Time resting spent in this place.
 E = Time spent auto-exploring this place.
 F = Levels seen in this place.
 G = Mean time per level.
                   A        B        C        D        E       F      G
               +--------+--------+--------+--------+--------+-----+--------+
         Total |   2937 |   2816 |    121 |     77 |   2029 |   5 |  587.4 |
       Dungeon |   2624 |   2503 |    121 |     77 |   1848 |   4 |  656.0 |
         Sewer |    313 |    313 |      0 |      0 |    181 |   1 |  313.0 |
               +--------+--------+--------+--------+--------+-----+--------+

Top non-repeatable levels by time:
     D:2: 976 daAuts
     D:1: 787 daAuts
     D:3: 686 daAuts
   Sewer: 313 daAuts
     D:4: 173 daAuts
